AoeStats
← teccojc

Arabia

510535603Analyzed
1v1 RM · 1d ago on Oct 1, 2026· 18m 49s· 2 players
Game mode
Random Map
Map size
Tiny (2 player)
Population
200
Speed
Normal
Resources
Standard
Victory
Conquest
Starting age
Dark Age
Ending age
Imperial Age
RankedLock teamsTeams togetherTeam positionsShared explorationLock speedFull tech treeHidden civsTurbo modeCheats
Victory
Defeat
🇦🇷 Ethiopians · Argentina
950
+16
🇨🇿 Lithuanians · Czechia
951
-16
teccojc
6:34 Loom
9:49 Feudal Age
16:14 Castle Age
15:52 Double-Bit Axe
16:16 Crossbowman
16:51 Fletching
17:03 Padded Archer Armor
monsieurPierdeLuca
7:08 Loom
10:33 Feudal Age
11:27 Double-Bit Axe
11:36 Horse Collar
16:13 Wheelbarrow
18:01 Fletching
Connection lost

Rejoining the realm…

Still unreachable

The connection could not be restored.

Session expired

The server has moved on; the page needs a fresh start.